cohdb
Replays
Latest Replays
All Replays
Popular Replays
Top Player Replays
Match Explorer
How It Works
Community
CoH3 Stats
Reddit
Sign in to upload your games and track your stats! →
Sign in with Steam
Match 45825628
Unlisted
Match 45825628
Overview
Messages
Build Orders
End
Selects Special Operations Battlegroup
Selects Special Operations Battlegroup
Selects M29 Weasel Recon Vehicle
M29 Weasel Recon Vehicle
Construct Barracks
Riflemen Squad
Riflemen Squad
Grenade Package
Riflemen Squad
Infantry Support Center
Construct Weapon Support Center
M3 Armored Personnel Carrier
M3 Armored Personnel Carrier
M1918 Browning Automatic Rifles
Selects P-47 Anti-Infantry Loiter
Selects UNKNOWN (2162291)
Selects Raiding Flares
Advanced Logistics
Engineer Squad
1⁄4-ton 4x4 Truck
Mortar Pit
Demolitions Package
Selects SSF Commando Squad
P-47 Anti-Infantry Loiter
Construct Tank Depot
Selects Assault Operation
M4A1 Sherman Whizbang
STALKER4732
kit.ohume
Devochkin
PartTime_RebeL
zintoko
Felipe
0
0
Comments
sign in to comment!
No comments posted yet!